Cogmind - Beta 13 @@@ ROGUE MODE // 2024.05.08 @ 03:37:25 Player: A Moose Result: Destroyed by S-27 Virus with Autogun Performance ------------- Evolutions (6) 3000 Regions Visited (19) 3800 Robots Destroyed (240) 1200 Value Destroyed (9410) 9410 Prototype IDs (26) 520 Alien Tech Used (0) 0 Bonus (6359) 6359 TOTAL SCORE: 24289 Bonus ------- High Alert Combat Kills 2113 Follower Combat Kills 2898 Entered DSFs 500 Met Data Miner 300 Met Warlord at Base 500 MAIN.C Attacked Warlord 500 Friendly Fire -452 Cogmind --------- Core Integrity 0/1150 Matter 282/300 Energy 84/100 System Corruption 49% Temperature Cool (0) Movement Core (50) Location -4/Extension Parts ------- > --- POWER (1) -------- (None) > --- PROPULSION (3) --- (None) > --- UTILITY (11) ----- Improved Melee Analysis Suite Improved Armor Integrity Analyzer > --- WEAPON (4) ------- Autogun > --- INVENTORY (5) ---- Vortex Chain Reactor Matter Compressor (250) Advanced Sensor Array Advanced ECM Suite Peak State ------------ > --- POWER ------------ Improved Quantum Reactor > --- PROPULSION ------- Armored Huge Wheel Centrium Wheel > --- UTILITY ---------- High-capacity Storage Unit Long-range Sensor Array Advanced Signal Interpreter Wardrone Bay > --- WEAPON ----------- Dispersion Rifle Vortex Shotgun Advanced Plasma Cannon Heavy Gauss Cannon > --- INVENTORY -------- Light Antimatter Reactor Vortex Chain Reactor Wheel Cooled Antigrav System Cooled Antigrav System Advanced Cryofiber Web Matter Compressor Advanced Melee Analysis Suite Experimental Core Analyzer Improved Armor Integrity Analyzer Improved Transmission Jammer Advanced ECM Suite Experimental Phase Shifter Layered Heavy Armor Plating Improved Energy Mantle Vortex Shotgun Micro-nuke Launcher Improved Plasma Cutter [Rating: 185] Favorites ----------- Power Improved Deuterium Engine Engine Improved Deuterium Engine Power Core Light Nuclear Core Reactor Improved Quantum Reactor Propulsion Wheel Treads Improved Treads Leg Enhanced Biometal Leg Wheel Wheel Hover Unit Cooled Antigrav System Flight Unit Improved Flight Unit Utility High-capacity Storage Unit Device Improved Transmission Jammer Storage High-capacity Storage Unit Processor Advanced Signal Interpreter Hackware System Shield Protection Hardened Medium Armor Plating Weapon Heavy Machine Gun Energy Gun Dispersion Rifle Energy Cannon Advanced Plasma Cannon Ballistic Gun Heavy Machine Gun Ballistic Cannon Advanced Assault Cannon Launcher Heavy Missile Launcher Special Weapon Improved Plasma Cutter Slashing Weapon Ripper Special Melee Weapon Improved Datajack Build | -11 -10 -9 -8 -7 -7 -6 -6 -6 -6 -5 -5 -5 -5 -5 -4 -4 -4 -4 -4 ------- Run | Yrd Mat Mat Mat Fac DSF Fac Low Low Dat Pro Fac Upp Upp War Pro Fac Was Fac Ext Slots Evolved 12 | . . 2 2 2 . 2 . . . . 2 . . . . 2 . . . Power . | . . . . . . . . . . . . . . . . . . . . Propulsion 1 | . . . . 1 . . . . . . . . . . . . . . . Utility 9 | . . 2 1 1 . 1 . . . . 2 . . . . 2 . . . Weapon 2 | . . . 1 . . 1 . . . . . . . . . . . . . Parts Attached 276 | 6 8 22 44 10 1 35 4 5 . 14 23 12 6 14 . 13 3 23 33 Power 19 | 1 2 1 4 1 . 1 1 . . . 1 . . 1 . . . 1 5 Engine 11 | 1 2 1 3 1 . 1 1 . . . 1 . . . . . . . . Core 2 | . . . 1 . . . . . . . . . . . . . . . 1 Reactor 6 | . . . . . . . . . . . . . . 1 . . . 1 4 Propulsion 57 | 2 3 3 11 3 . 5 1 2 . . 6 3 . 4 . 2 . 3 9 Treads 5 | . . . . . . . . . . . . . . . . . . . 5 Leg 1 | . . . . . . . . . . . . . . 1 . . . . . Wheel 43 | 2 3 3 9 2 . 5 1 2 . . 6 3 . 1 . 2 . 3 1 Hover 6 | . . . 1 1 . . . . . . . . . 1 . . . . 3 Flight 2 | . . . 1 . . . . . . . . . . 1 . . . . . Utility 106 | 1 1 6 12 2 . 19 . 2 . 6 11 6 4 5 . 9 2 11 9 Device 50 | . . 1 5 1 . 9 . 1 . 2 4 3 3 5 . 5 2 6 3 Storage 3 | 1 . 2 . . . . . . . . . . . . . . . . . Processor 18 | . 1 . 3 . . 4 . 1 . 1 2 . . . . 3 . 1 2 Hackware 6 | . . . 1 . . 3 . . . . 1 . . . . . . 1 . Protection 29 | . . 3 3 1 . 3 . . . 3 4 3 1 . . 1 . 3 4 Artifact . | . . . . . . . . . . . . . . . . . . . . Weapon 94 | 2 2 12 17 4 1 10 2 1 . 8 5 3 2 4 . 2 1 8 10 Energy Gun 30 | . 2 7 6 1 . . . . . 2 . 1 2 1 . 1 1 4 2 Energy Cannon 4 | . . . . . . . . . . . 2 . . 1 . . . 1 . Ballistic Gun 28 | 2 . 1 4 1 . 6 1 . . 5 1 2 . . . . . 1 4 Ballistic Cannon 10 | . . . . 2 . 2 1 . . 1 2 . . 1 . . . 1 . Launcher 13 | . . 4 3 . 1 2 . . . . . . . . . 1 . 1 1 Special Weapon 3 | . . . 1 . . . . . . . . . . 1 . . . . 1 Impact Weapon . | . . . . . . . . . . . . . . . . . . . . Slashing Weapon 5 | . . . 2 . . . . 1 . . . . . . . . . . 2 Piercing Weapon . | . . . . . . . . . . . . . . . . . . . . Special Melee Weapon 1 | . . . 1 . . . . . . . . . . . . . . . . Unidentified Prototypes 14 | . . 1 2 1 . 1 . . . . . . . 7 . 2 . . . Corrupted Parts 2 | . . . . . . . . . . 2 . . . . . . . . . System Corruption 14 | . . . . . . . . . . 14 . . . . . . . . . Parts Lost 135 | . 7 3 32 . . 6 4 6 . 4 14 4 2 . 1 . . 15 37 Power 14 | . 2 . 4 . . . 1 . . . 1 . . . . . . 1 5 Propulsion 35 | . 3 . 8 . . 2 1 2 . . 5 3 . . 1 . . 3 7 Utility 37 | . . 2 6 . . 2 . 2 . 1 2 . 1 . . . . 7 14 Weapon 49 | . 2 1 14 . . 2 2 2 . 3 6 1 1 . . . . 4 11 Highest Loss Streak 21 | . 3 2 21 . . 3 3 3 . 3 5 3 2 . 1 . . 9 19 To Critical Strikes 2 | . . . 1 . . . 1 . . . . . . . . . . . . Average Slot Usage (%) 86 | . 92 93 87 99 100 98 97 96 73 93 93 97 100 54 53 62 87 78 81 Engine 4 | . 11 11 4 7 7 6 6 6 6 6 5 5 5 4 . . . . . Reactor 1 | . . . . . . . . . . . . . . . 5 5 5 4 4 Wheel 15 | . 24 22 16 23 23 19 18 18 20 20 15 14 17 16 12 10 10 9 2 Device 10 | . . 8 10 4 7 12 13 13 13 12 10 10 6 5 5 11 24 18 16 Storage 6 | . 14 11 9 7 7 6 6 6 6 6 5 5 5 5 5 5 5 5 2 Processor 15 | . 13 11 11 23 23 7 13 13 13 20 27 29 29 5 . 7 15 15 20 Hackware 4 | . . . 1 . . 12 13 11 6 2 1 5 5 . . . . . 2 Protection 3 | . . 8 6 10 7 4 . . . 4 3 . 4 . . 1 5 3 5 Energy Gun 5 | . 7 19 15 6 . . . . . 6 . . 4 5 5 7 10 9 5 Energy Cannon 2 | . . . . . . . . . . . 4 5 5 1 5 5 5 4 . Ballistic Gun 6 | . 20 1 4 6 . 12 12 13 . 5 8 10 6 . . . . 1 4 Ballistic Cannon 4 | . . . . . 15 11 10 9 . . 2 5 5 1 5 5 5 3 2 Slashing Weapon 1 | . . . 1 7 3 . . 1 6 6 2 . . . . . . . . Naked Turns . | . . . . . . . . . . . . . . . . . . . . Heaviest Build 157 | 10 12 55 61 70 72 84 77 75 55 78 85 90 91 136 136 145 135 157 91 Greatest Support 55 | 32 32 28 32 36 36 38 36 36 36 36 36 36 30 30 30 44 44 45 55 Greatest Overweight (x) 6 | . 2 1 4 3 1 3 3 3 1 2 6 4 3 4 6 6 3 5 3 Average Overweight (x) 2 | . . . 1 1 1 2 2 1 1 1 2 2 2 2 5 2 3 2 . Largest Inventory Capacity 20 | 8 8 20 20 20 20 20 20 20 20 20 20 20 20 20 20 20 20 20 20 Average Capacity 18 | 7 8 9 20 20 20 20 20 20 20 20 20 20 20 20 20 20 20 20 13 Most Carried 20 | 5 7 15 19 20 20 20 20 20 20 20 20 20 20 20 20 20 17 20 20 Average Carried 17 | 2 4 8 13 18 19 19 17 19 20 18 18 19 19 19 19 18 13 18 13 Final Capacity 20 | 8 8 20 20 20 20 20 20 20 20 20 20 20 20 20 20 20 20 20 5 Final Carried 20 | 4 3 15 17 20 20 20 18 20 20 20 20 20 20 20 20 13 17 20 5 Class Distribution -------------------- 22% | Scavenger-Gunner 16% | Gunner 15% | Mutant 11% | Hacker-Skirmisher 11% | Scavenger-Mutant 6% | Hacker-Gunner 5% | Infiltrator-Gunner 4% | Scavenger-Skirmisher 3% | Skirmisher Dominant Class ---------------- Mutant | -10/Materials Scavenger-Mutant | -9/Materials Scavenger-Mutant | -8/Materials Scavenger-Mutant | -7/Factory Scavenger-Mutant | -7/DSF Hacker-Gunner | -6/Factory Hacker-Skirmisher | -6/Lower Caves Hacker-Skirmisher | -6/Lower Caves Mutant | -6/Data Miner Mutant | -5/Proximity Caves Gunner | -5/Factory Scavenger-Gunner | -5/Upper Caves Scavenger-Gunner | -5/Upper Caves Mutant | -5/Warlord Gunner | -4/Proximity Caves Skirmisher | -4/Factory Infiltrator-Gunner | -4/Waste Infiltrator-Gunner | -4/Factory Scavenger-Gunner | -4/Extension Resources | -11 -10 -9 -8 -7 -7 -6 -6 -6 -6 -5 -5 -5 -5 -5 -4 -4 -4 -4 -4 ----------- Run | Yrd Mat Mat Mat Fac DSF Fac Low Low Dat Pro Fac Upp Upp War Pro Fac Was Fac Ext Matter Collected 7313 | 264 157 315 799 60 138 1577 184 309 . 186 679 332 166 145 37 75 297 579 1014 Remotely . | . . . . . . . . . . . . . . . . . . . . Salvage Created 10058 | 60 219 819 1613 . 137 1186 125 302 . 287 889 250 121 . . 68 1474 1141 1367 Parts 412 | 4 9 55 70 . 5 75 9 11 . 14 47 14 3 . . 2 4 39 51 Haulers Intercepted 4 | . . 2 1 . . 1 . . . . . . . . . . . . . Recyclers Shooed 11 | . . 1 2 . . 3 . . . . 3 . . . . . . . 2 Parts Field Recycled . | . . . . . . . . . . . . . . . . . . . . Retrieved Matter . | . . . . . . . . . . . . . . . . . . . . Parts Self-Destructed 112 | . . . . . . . 9 10 . 9 . 15 5 . 64 . . . . Prevented 5 | . . . . . . . . . . 5 . . . . . . . . . Kills | -11 -10 -9 -8 -7 -7 -6 -6 -6 -6 -5 -5 -5 -5 -5 -4 -4 -4 -4 -4 ------- Run | Yrd Mat Mat Mat Fac DSF Fac Low Low Dat Pro Fac Upp Upp War Pro Fac Was Fac Ext Combat Hostiles Destroyed 178 | . 7 23 31 . 3 23 5 6 . 7 14 5 3 . . 2 6 27 16 Melee 9 | . . . 5 . . . . 1 . . . . . . . . . . 3 Guns 86 | . 7 12 19 . . 6 2 3 . 6 4 2 3 . . . 3 9 10 Cannons 36 | . . . 1 . 2 11 3 2 . . 5 3 . . . . 3 3 3 AOE 42 | . . 11 4 . 1 6 . . . . 4 . . . . 2 . 14 . Classes Destroyed 26 | 1 3 6 4 . . 3 . 1 . 1 . . 1 . . . 1 3 2 Worker 14 | . 1 2 1 . . 6 . . . . 4 . . . . . . . . Builder 10 | . . . . . . 3 . . . . 4 . . . . . . 2 1 Tunneler 2 | . . . . . . 1 . . . . . . . . . . . 1 . Hauler 4 | . . 2 1 . . 1 . . . . . . . . . . . . . Recycler 7 | 1 . 1 1 . . . . . . . 2 . . . . . . 1 1 Minesweeper 1 | . . . . . . . . . . . . . 1 . . . . . . Mechanic 4 | . . 1 1 . . . . . . . . . . . . . . 2 . Operator 6 | . . 1 3 . . 2 . . . . . . . . . . . . . Drone 1 | . . . . . . . . . . 1 . . . . . . . . . Watcher 12 | . . 1 2 . . 3 . . . . 2 . . . . . . 2 2 Swarmer 43 | . 3 11 5 . . 8 3 . . 3 5 . . . . . . 4 1 Saboteur 1 | . . . . . . . . . . . . . . . . . . . 1 Grunt 53 | . 4 8 14 . 2 9 . 3 . . . 2 3 . . 1 . 2 5 Brawler 2 | . . . 1 . . . . 1 . . . . . . . . . . . Duelist 4 | . . 1 2 . . . . . . . . 1 . . . . . . . Protector 1 | . . . . . . . . . . . . . . . . . . 1 . Sentry 22 | . . 3 5 . . 3 1 1 . 1 . . . . . . . 3 5 Specialist 8 | . . . 2 . . . . . . . . . . . . . . 6 . Hunter 12 | . . . 1 . . . . . . 2 2 2 . . . . . 4 1 Programmer 17 | . . . . . . 3 1 . . . 7 . . . . 1 . 4 1 Heavy 3 | . . . 1 . 1 . . . . . . . . . . . . 1 . Behemoth 1 | . . . . . . . . . . . . . . . . . . . 1 Compactor 6 | . . . . . . . . . . . . . . . . . 6 . . Executioner 1 | . . . . . . . . . . . . . . . . . . 1 . Thief 1 | . . . . . . . . 1 . . . . . . . . . . . Thug 1 | . . . . . . . . . . . . . . . . . . . 1 Savage 2 | . . . . . . . . . . . . . . . . . . . 2 Martyr 1 | . . . . . . . . . . . . . . . . . . 1 . Best Kill Streak 27 | 1 3 10 18 . 2 7 3 2 . 3 5 1 2 . . 2 2 27 7 Combat Bots Only 21 | . 3 8 14 . 2 5 3 2 . 3 5 1 2 . . 2 2 21 4 Max Kills in Single Turn 6 | 1 1 3 2 . 1 6 1 1 . 2 4 1 1 . . 1 1 4 2 Gunslinging . | . . . . . . . . . . . . . . . . . . . . Exploded 4 | . . 3 2 . 1 3 . . . . 4 . . . . 1 . 3 . Melee 1 | . . . 1 . . . . 1 . . . . . . . . . . 1 Uniques/NPCs Destroyed . | . . . . . . . . . . . . . . . . . . . . Combat | -11 -10 -9 -8 -7 -7 -6 -6 -6 -6 -5 -5 -5 -5 -5 -4 -4 -4 -4 -4 -------- Run | Yrd Mat Mat Mat Fac DSF Fac Low Low Dat Pro Fac Upp Upp War Pro Fac Was Fac Ext Hostile Shots Fired 1614 | . 87 101 229 . 16 147 55 24 . 47 98 41 12 . 16 26 . 378 337 Missed 559 | . 36 29 57 . 6 54 21 3 . 11 26 12 5 . 4 9 . 146 140 Damage Taken 18341 | . 549 809 2381 . 343 1448 507 466 . 638 1567 469 131 78 257 433 . 3937 4328 Core 2644 | . 162 105 527 . 18 127 75 20 . 106 229 88 37 . . 12 . 351 787 Absorbed by Shields 394 | . . . . . . . . . . . . . . . . 9 . 220 165 Redirected to Shielding 35 | . . . 3 . . . . . . . 32 . . . . . . . . Ignored by Resistances 476 | . . . . . . . . . . . . . . . . . . 476 . Regen/Repaired (Parts) 435 | . . . . . . 125 . . . . 189 . . 105 . . 16 . . Core Remaining (%) 62 | 100 35 73 4 . 97 . . . . 61 . . . . 64 . . . . Volleys Fired 558 | 2 62 69 101 . 12 68 13 12 . 17 59 14 7 . 8 5 17 57 35 Largest 4 | 2 2 2 3 . 3 4 4 4 . 3 4 4 4 . 1 2 4 4 4 Hottest 320 | 40 80 96 186 . 129 159 156 156 . 110 245 320 255 . 98 159 307 307 308 Shots Fired 1302 | 4 125 133 213 . 25 218 32 29 . 38 159 51 25 1 8 8 51 93 89 Gun 922 | 4 125 124 207 . . 119 17 24 . 38 81 25 14 . . . 22 57 65 Cannon 339 | . . . . . 24 98 13 5 . . 78 26 11 1 7 6 29 19 22 Launcher 39 | . . 9 5 . 1 1 2 . . . . . . . . 2 . 17 2 Special 2 | . . . 1 . . . . . . . . . . . 1 . . . . Kinetic 753 | 4 120 3 41 . 24 217 30 29 . 20 102 37 15 . 6 3 15 21 66 Thermal 433 | . 5 121 167 . . . . . . . 55 14 10 1 2 3 20 28 7 Explosive 39 | . . 9 5 . 1 1 2 . . . . . . . . 2 . 17 2 Electromagnetic 34 | . . . . . . . . . . 18 2 . . . . . . . 14 Entropic 43 | . . . . . . . . . . . . . . . . . 16 27 . Robot Hit Streak 30 | 2 21 30 13 . 6 10 4 12 . 7 14 11 15 . 7 2 9 10 8 Robot Miss Streak 7 | 1 4 3 6 . 2 6 2 1 . 4 4 3 1 . 1 1 3 7 2 Penetration Max 2 | . . . . . . 2 . . . . 1 . . . . . . 1 2 Secondary Targets 8 | . 1 3 3 . . . . . . . . . . . . . . 1 . Max Gunslinging Chain 1 | . 1 1 1 . . . . . . . . . . . . . . 1 . Shots Hit Robots 832 | 2 80 82 149 . 16 117 17 28 . 22 99 29 20 . 5 4 34 61 67 Core Hits 473 | 2 19 49 68 . 8 70 5 11 . 14 40 13 7 . . 9 18 93 47 Critical Kills 15 | . . . . . . 4 . . . . 3 . 1 . . . . 1 6 Critical Parts Destroyed 12 | . . . . . . 5 . 1 . . 2 1 . . . . 1 1 1 Critical Strikes 65 | . . . 12 . 1 16 2 2 . 1 8 2 2 . 1 . 2 3 13 Burn 13 | . . . 12 . . . . . . . . . . . . . . . 1 Meltdown 1 | . . . . . . . . . . . . . . . . . . 1 . Destroy 25 | . . . . . . 9 . 1 . . 5 1 1 . . . 1 . 7 Blast 18 | . . . . . 1 7 2 . . . 3 1 1 . 1 . . 1 1 Sever 6 | . . . . . . . . 1 . 1 . . . . . . . . 4 Detonate 2 | . . . . . . . . . . . . . . . . . 1 1 . Melee Attacks 37 | . . . 16 . . . . 8 . 1 . . . . . . . . 12 Impact . | . . . . . . . . . . . . . . . . . . . . Slashing 37 | . . . 16 . . . . 8 . 1 . . . . . . . . 12 Piercing . | . . . . . . . . . . . . . . . . . . . . Sneak Attacks 3 | . . . 2 . . . . 1 . . . . . . . . . . . Combat Hostiles 1 | . . . . . . . . 1 . . . . . . . . . . . Follow-up Attacks . | . . . . . . . . . . . . . . . . . . . . Damage Inflicted 27814 | 15 632 1902 3072 . 596 3382 475 752 . 475 3605 737 551 . 185 630 1853 6135 2817 Guns 11391 | 15 632 1027 2108 . . 820 207 453 . 440 1050 223 178 . . . 989 1870 1379 Cannons 7273 | . . . . . 429 1661 268 85 . . 1851 514 373 . 185 162 769 553 423 Explosions 7796 | . . 875 428 . 167 794 . . . . 704 . . . . 468 95 3712 553 Melee 1235 | . . . 524 . . . . 214 . 35 . . . . . . . . 462 Ramming 108 | . . . 1 . . 107 . . . . . . . . . . . . . Kinetic 10436 | 15 610 32 335 . 429 2481 475 538 . 182 1686 540 306 . 185 83 540 563 1436 Thermal 7192 | . 22 1053 1784 . . 596 . . . . 1912 197 245 . . 79 432 482 390 Explosive 6016 | . . 817 428 . 167 198 . . . . . . . . . 468 . 3679 259 Electromagnetic 568 | . . . . . . . . . . 258 7 . . . . . . 33 270 Impact . | . . . . . . . . . . . . . . . . . . . . Slashing 1235 | . . . 524 . . . . 214 . 35 . . . . . . . . 462 Piercing . | . . . . . . . . . . . . . . . . . . . . Entropic 2259 | . . . . . . . . . . . . . . . . . 881 1378 . Highest Corruption 49 | . 4 . . 1 1 1 . 7 1 15 8 8 8 8 . 2 33 39 49 Average Corruption 14 | . 3 . . 1 1 1 . 3 1 1 4 8 8 8 . 1 20 36 46 Corruption Purged 7 | . . . . . . 1 . 6 . . . . . . . . . . . Corruption Blocked . | . . . . . . . . . . . . . . . . . . . . Effects 258 | . 5 . . 1 . 6 . 2 1 6 29 34 20 5 . 4 15 57 73 Message Errors 69 | . 2 . . 1 . 2 . . . 3 10 11 3 2 . . 4 17 14 Matter Fused 54 | . . . . . . 3 . . . 2 3 8 4 . . 4 5 13 12 Heat Flow Errors 14 | . . . . . . . . . . . 3 2 3 . . . . 2 4 Energy Discharges 27 | . 2 . . . . . . 1 . 1 2 4 3 1 . . 1 6 6 Parts Rejected 5 | . . . . . . . . . . . 1 1 . . . . 1 1 1 Parts Fused 2 | . . . . . . . . . . . . . 2 . . . . . . Data Loss (minor) 25 | . . . . . . . . 1 1 . 4 1 3 1 . . 2 5 7 Data Loss (major) 11 | . . . . . . . . . . . 2 5 1 . . . . 3 . Misfires 8 | . 1 . . . . . . . . . . 1 . 1 . . . 2 3 Alerts 8 | . . . . . . . . . . . 2 1 1 . . . . 2 2 Misdirections 11 | . . . . . . . . . . . . . . . . . . 1 10 Weapon Failures 24 | . . . . . . 1 . . . . 2 . . . . . 2 5 14 Overload Shots . | . . . . . . . . . . . . . . . . . . . . Overflow Damage 694 | . . 32 70 . . 137 12 9 . . 144 35 17 . . 14 . 223 1 Projectiles 154 | . . . . . . 5 12 . . . 31 35 17 . . 14 . 40 . Explosions 465 | . . 32 11 . . 126 . . . . 113 . . . . . . 183 . Melee 75 | . . . 59 . . 6 . 9 . . . . . . . . . . 1 Knockbacks 46 | . . . . . 1 26 2 . . . 7 2 1 . 1 1 . 5 . Impact 2 | . . . . . . 2 . . . . . . . . . . . . . Kinetic 43 | . . . . . 1 23 2 . . . 7 2 1 . 1 1 . 5 . Secondary 1 | . . . . . . 1 . . . . . . . . . . . . . Self-Inflicted Damage 578 | . . 57 63 . . 66 60 . . . 155 . . . . . . 99 78 Shots 13 | . . 4 2 . . 1 1 . . . 2 . . . . . . 2 1 Rammed 10 | . . . 1 . . 9 . . . . . . . . . . . . . Targets Rammed 10 | . . . 1 . . 9 . . . . . . . . . . . . . Kicked . | . . . . . . . . . . . . . . . . . . . . Crushed . | . . . . . . . . . . . . . . . . . . . . Highest Temperature 608 | . 18 111 270 . . 353 132 120 . 93 541 308 294 34 22 108 608 306 194 Average Temperature 96 | . 7 21 102 . . 93 41 55 . 34 104 128 119 19 15 50 170 149 68 Received Heat Transfer 2502 | . 144 207 810 . 45 330 24 135 . 6 . 63 63 9 57 24 . 84 501 Effects 9 | . . . 2 . . 2 . . . . 1 1 . . . . 3 . . Shutdowns 3 | . . . . . . 1 . . . . . 1 . . . . 1 . . Energy Bleed 3 | . . . . . . 1 . . . . 1 . . . . . 1 . . Interference 2 | . . . 2 . . . . . . . . . . . . . . . . Short Circuit 1 | . . . . . . . . . . . . . . . . . 1 . . Siege Activations . | . . . . . . . . . . . . . . . . . . . . Robots Corrupted 1 | . . . . . . . . . . 1 . . . . . . . . . Combat Hostiles 1 | . . . . . . . . . . 1 . . . . . . . . . Parts Fried 8 | . . . . . . 2 . . . 2 . . 1 . . . . 1 2 Impact Corruptions 1 | . . . . . . 1 . . . . . . . . . . . . . Robots Melted 4 | . . . 2 . . . . . . . 1 . . . . . . 1 . Combat Hostiles 4 | . . . 2 . . . . . . . 1 . . . . . . 1 . Parts Melted 31 | . . 3 18 . . . . . . . 9 . . . . . . 1 . Heat Transferred 12454 | . 50 2221 4995 . . 500 . . . . 2200 300 437 . . 100 548 681 422 Parts Sabotaged . | . . . . . . . . . . . . . . . . . . . . Parts Stolen . | . . . . . . . . . . . . . . . . . . . . Parts Stripped . | . . . . . . . . . . . . . . . . . . . . Power Chain Reactions 1 | . . . . . . . . . . . . . . . . . . . 1 Alert | -11 -10 -9 -8 -7 -7 -6 -6 -6 -6 -5 -5 -5 -5 -5 -4 -4 -4 -4 -4 ------- Run | Yrd Mat Mat Mat Fac DSF Fac Low Low Dat Pro Fac Upp Upp War Pro Fac Was Fac Ext Peak Influence 1479 | 5 149 545 922 372 359 612 . . . . 430 . . . . 682 266 1479 1220 Initial 700 | . 3 1 230 368 260 188 . . . . 159 . . . . 111 238 186 700 Average 409 | 2 41 235 612 368 306 331 . . . . 189 . . . . 335 253 783 868 Maximum Alert Level 4 | . . 2 3 1 1 2 . . . . 2 . . . . 2 1 4 4 Low Security (%) 30 | 100 100 40 . . . 38 . . . . 59 . . . . 28 . 1 . Level 1 31 | . . 42 17 100 100 31 . . . . 37 . . . . 19 100 29 . Level 2 18 | . . 16 39 . . 30 . . . . 2 . . . . 52 . 22 . Level 3 15 | . . . 43 . . . . . . . . . . . . . . 13 97 Level 4 3 | . . . . . . . . . . . . . . . . . . 33 2 Level 5 . | . . . . . . . . . . . . . . . . . . . . High Security . | . . . . . . . . . . . . . . . . . . . . Max Security . | . . . . . . . . . . . . . . . . . . . . Squads Dispatched 41 | . 1 3 10 . 1 7 . . . . 5 . . . . 4 . 5 5 Investigation 8 | . . 1 1 . . 2 . . . . 1 . . . . 2 . . 1 Extermination 9 | . . . . . . 3 . . . . 3 . . . . 1 . 2 . Reinforcement 17 | . 1 2 5 . 1 2 . . . . 1 . . . . 1 . 2 2 Assault 3 | . . . 1 . . . . . . . . . . . . . . . 2 Garrison 4 | . . . 3 . . . . . . . . . . . . . . 1 . Intercept . | . . . . . . . . . . . . . . . . . . . . Searches Triggered . | . . . . . . . . . . . . . . . . . . . . Construction Impeded 4 | . . 1 . . . . . . . . . . . . . 1 . 1 1 Haulers Reinforced 1 | . . . . . . 1 . . . . . . . . . . . . . Active Scanning Responses . | . . . . . . . . . . . . . . . . . . . . Cargo Convoy Interrupts 1 | . . . . . . . . . . . . . . . . . . 1 . Stealth | -11 -10 -9 -8 -7 -7 -6 -6 -6 -6 -5 -5 -5 -5 -5 -4 -4 -4 -4 -4 --------- Run | Yrd Mat Mat Mat Fac DSF Fac Low Low Dat Pro Fac Upp Upp War Pro Fac Was Fac Ext Distress Signals 10 | . . 1 2 . . 2 . . . . . . . . . . . 2 3 Communications Jammed 75 | . . . . . . 18 . . . 1 2 . . . . . . 54 . Distress Signals 72 | . . . . . . 17 . . . . 1 . . . . . . 54 . Times Spotted 371 | . 10 35 45 . 3 38 5 7 . 15 15 5 3 45 21 18 5 52 49 Peak Tracking Total 18 | . 3 5 7 . 2 5 3 3 . 5 5 2 2 18 11 4 2 13 12 Tactical Retreats 21 | . . . 1 . . 3 . 1 . 4 . . . 1 3 . . . 8 Traps | -11 -10 -9 -8 -7 -7 -6 -6 -6 -6 -5 -5 -5 -5 -5 -4 -4 -4 -4 -4 ------- Run | Yrd Mat Mat Mat Fac DSF Fac Low Low Dat Pro Fac Upp Upp War Pro Fac Was Fac Ext Traps Triggered 19 | . 3 . . 1 2 2 . . . . 1 . . . . 2 . 3 5 Indirectly . | . . . . . . . . . . . . . . . . . . . . Trap Hack Attempts . | . . . . . . . . . . . . . . . . . . . . Triggered . | . . . . . . . . . . . . . . . . . . . . Disarmed . | . . . . . . . . . . . . . . . . . . . . Reprogrammed 4 | . . . . . . 4 . . . . . . . . . . . . . Reused . | . . . . . . . . . . . . . . . . . . . . Traps Extracted . | . . . . . . . . . . . . . . . . . . . . Installed . | . . . . . . . . . . . . . . . . . . . . Triggered 25 | . . . . . . . . 2 . 1 . . 1 21 . . . . . Machines | -11 -10 -9 -8 -7 -7 -6 -6 -6 -6 -5 -5 -5 -5 -5 -4 -4 -4 -4 -4 ---------- Run | Yrd Mat Mat Mat Fac DSF Fac Low Low Dat Pro Fac Upp Upp War Pro Fac Was Fac Ext Machines Disabled 39 | . . 2 2 . . 13 . . . . 10 . . . 2 . . 8 2 Max in Single Turn 10 | . . 1 1 . . 10 . . . . 4 . . . 1 . . 2 1 Garrison Access 6 | . . . 1 . . 2 . . . . 1 . . . . 2 . . . Machines Repaired . | . . . . . . . . . . . . . . . . . . . . Machines Dismantled . | . . . . . . . . . . . . . . . . . . . . Machines Sabotaged . | . . . . . . . . . . . . . . . . . . . . Overloaded Fab Kills . | . . . . . . . . . . . . . . . . . . . . Hacking | -11 -10 -9 -8 -7 -7 -6 -6 -6 -6 -5 -5 -5 -5 -5 -4 -4 -4 -4 -4 --------- Run | Yrd Mat Mat Mat Fac DSF Fac Low Low Dat Pro Fac Upp Upp War Pro Fac Was Fac Ext Machines Accessed 54 | . 3 4 4 3 . 16 3 . 4 . 5 . . 5 1 4 . 2 . Terminals 26 | . 3 3 3 3 . 8 1 . . . 3 . . . 1 1 . . . Fabricators 4 | . . . . . . 2 . . . . . . . . . 1 . 1 . Repair Stations 2 | . . . . . . 1 . . . . 1 . . . . . . . . Recycling Units 1 | . . . . . . 1 . . . . . . . . . . . . . Scanalyzers 3 | . . 1 . . . 1 . . . . . . . . . . . 1 . Garrison Access 7 | . . . 1 . . 3 . . . . 1 . . . . 2 . . . Total Hacks 149 | . 5 10 12 4 . 41 10 . 30 . 9 . . 12 2 8 . 6 . Successful 103 | . 3 3 6 3 . 24 10 . 30 . 5 . . 12 2 2 . 3 . Failed 46 | . 2 7 6 1 . 17 . . . . 4 . . . . 6 . 3 . Catastrophic 14 | . 1 4 2 . . 1 . . . . 2 . . . . 3 . 1 . Database Lockouts . | . . . . . . . . . . . . . . . . . . . . Manual 45 | . 5 7 6 3 . 14 . . . . 2 . . 1 . 4 . 3 . Terminals 61 | . 5 8 10 4 . 25 1 . . . 5 . . . 2 1 . . . Fabricators 10 | . . . . . . 4 . . . . . . . . . 1 . 5 . Repair Stations 5 | . . . . . . 2 . . . . 3 . . . . . . . . Recycling Units 1 | . . . . . . 1 . . . . . . . . . . . . . Scanalyzers 6 | . . 2 . . . 3 . . . . . . . . . . . 1 . Garrison Access 15 | . . . 2 . . 6 . . . . 1 . . . . 6 . . . Terminal Hacks 71 | . 2 . 2 1 . 12 10 . 30 . . . . 12 2 . . . . Record 35 | . . . . . . 2 9 . 11 . . . . 11 2 . . . . Part Schematic 11 | . . . . . . . . . 11 . . . . . . . . . . Robot Schematic 5 | . . . . . . . . . 5 . . . . . . . . . . Robot Analysis 5 | . 2 . . . . 3 . . . . . . . . . . . . . Prototype ID Bank 3 | . . . . . . . . . 3 . . . . . . . . . . Open Door 2 | . . . . . . . 1 . . . . . . 1 . . . . . Open DSF 2 | . . . . 1 . 1 . . . . . . . . . . . . . Level Access Points 1 | . . . 1 . . . . . . . . . . . . . . . . Branch Access Points 1 | . . . . . . 1 . . . . . . . . . . . . . Garrison Index 1 | . . . . . . 1 . . . . . . . . . . . . . Locate Traps 1 | . . . . . . 1 . . . . . . . . . . . . . Reprogram Traps 1 | . . . . . . 1 . . . . . . . . . . . . . Recall Reinforcements 2 | . . . 1 . . 1 . . . . . . . . . . . . . Zone Layout 1 | . . . . . . 1 . . . . . . . . . . . . . Fabricator Hacks 3 | . . . . . . 2 . . . . . . . . . . . 1 . Network Status 2 | . . . . . . 1 . . . . . . . . . . . 1 . Build 1 | . . . . . . 1 . . . . . . . . . . . . . Repair Station Hacks 4 | . . . . . . 2 . . . . 2 . . . . . . . . Scan Component 2 | . . . . . . 1 . . . . 1 . . . . . . . . Repair 2 | . . . . . . 1 . . . . 1 . . . . . . . . Recycling Unit Hacks 1 | . . . . . . 1 . . . . . . . . . . . . . Report Inventory 1 | . . . . . . 1 . . . . . . . . . . . . . Scanalyzer 5 | . . 2 . . . 2 . . . . . . . . . . . 1 . Insert Component 3 | . . 1 . . . 1 . . . . . . . . . . . 1 . Analyze 2 | . . 1 . . . 1 . . . . . . . . . . . . . Garrison Access Hacks 3 | . . . . . . 2 . . . . 1 . . . . . . . . Seal Access 3 | . . . . . . 2 . . . . 1 . . . . . . . . Unauthorized Hacks 16 | . 1 1 4 2 . 3 . . . . 2 . . . . 2 . 1 . Terminals 12 | . 1 1 3 2 . 3 . . . . 2 . . . . . . . . Botnet 12 | . 1 1 3 2 . 3 . . . . 2 . . . . . . . . Fabricators 1 | . . . . . . . . . . . . . . . . . . 1 . Fabnet 1 | . . . . . . . . . . . . . . . . . . 1 . Repair Stations . | . . . . . . . . . . . . . . . . . . . . Recycling Units . | . . . . . . . . . . . . . . . . . . . . Scanalyzers . | . . . . . . . . . . . . . . . . . . . . Garrison Access 3 | . . . 1 . . . . . . . . . . . . 2 . . . Jam 3 | . . . 1 . . . . . . . . . . . . 2 . . . Data Cores Recovered 2 | . . . . . . 1 . . . . . . . . . 1 . . . Used 1 | . . . . . . . . . . . . . . . . 1 . . . Hacking Detections 30 | . 3 4 3 2 . 10 . . . . 3 . . . 1 4 . . . Full Trace Events 4 | . . 2 . . . 1 . . . . 1 . . . . . . . . Feedback Events . | . . . . . . . . . . . . . . . . . . . . Feedback Blocked . | . . . . . . . . . . . . . . . . . . . . Robot Schematics Acquired 5 | . . . . . . . . . 5 . . . . . . . . . . Robots Built . | . . . . . . . . . . . . . . . . . . . . Authchips . | . . . . . . . . . . . . . . . . . . . . Time . | . . . . . . . . . . . . . . . . . . . . Total Robot Build Rating . | . . . . . . . . . . . . . . . . . . . . Part Schematics Acquired 13 | . . 1 . . . 1 . . 11 . . . . . . . . . . Parts Built 1 | . . . . . . 1 . . . . . . . . . . . . . Authchips . | . . . . . . . . . . . . . . . . . . . . Time 35 | . . . . . . 35 . . . . . . . . . . . . . Total Part Build Rating 6 | . . . . . . 6 . . . . . . . . . . . . . Parts Repaired 2 | . . . . . . 1 . . . . 1 . . . . . . . . Time 60 | . . . . . . 22 . . . . 38 . . . . . . . . Parts Recycled . | . . . . . . . . . . . . . . . . . . . . Recycled Matter . | . . . . . . . . . . . . . . . . . . . . Retrieved Matter . | . . . . . . . . . . . . . . . . . . . . Retrieved Components . | . . . . . . . . . . . . . . . . . . . . Parts Scanalyzed 2 | . . 1 . . . 1 . . . . . . . . . . . . . Part Schematics Acquired 2 | . . 1 . . . 1 . . . . . . . . . . . . . Parts Damaged . | . . . . . . . . . . . . . . . . . . . . Bothacking | -11 -10 -9 -8 -7 -7 -6 -6 -6 -6 -5 -5 -5 -5 -5 -4 -4 -4 -4 -4 ------------ Run | Yrd Mat Mat Mat Fac DSF Fac Low Low Dat Pro Fac Upp Upp War Pro Fac Was Fac Ext Used RIF Installer . | . . . . . . . . . . . . . . . . . . . . Robots Hacked . | . . . . . . . . . . . . . . . . . . . . Non-combat . | . . . . . . . . . . . . . . . . . . . . Combat . | . . . . . . . . . . . . . . . . . . . . Robot Hacks Applied . | . . . . . . . . . . . . . . . . . . . . Relay Couplers Released 3 | . . . . . . . . . . . 3 . . . . . . . . Machine Destruction 3 | . . . . . . . . . . . 3 . . . . . . . . Fabnet Peak Effective % . | . . . . . . . . . . . . . . . . . . . . Robots Rewired 15 | . . . . . . . . 1 . . . . . . . . . . 14 Allies Hacked 3 | . . . . . . . . . . . . . . . . . . 3 . Hacks Repelled . | . . . . . . . . . . . . . . . . . . . . Allies | -11 -10 -9 -8 -7 -7 -6 -6 -6 -6 -5 -5 -5 -5 -5 -4 -4 -4 -4 -4 -------- Run | Yrd Mat Mat Mat Fac DSF Fac Low Low Dat Pro Fac Upp Upp War Pro Fac Was Fac Ext Total Allies 39 | . . . . . . . 2 1 . . . . . . . . 19 . 17 Largest Group 19 | . . . . . . . 2 1 1 1 . . . . . . 19 19 7 Highest-Rated Group 684 | . . . . . . . 51 32 32 32 . . . . . . 684 684 406 Highest-Rated Ally 159 | . . . . . . . 31 32 32 32 . . . . . . 50 50 159 Total Orders 18 | . . . . . . . . . . . . . . 9 6 3 . . . FOLLOW 1 | . . . . . . . . . . . . . . 1 . . . . . RETURN 17 | . . . . . . . . . . . . . . 8 6 3 . . . Ally Attacks 269 | . . . . . . . . 2 . 3 . . . 30 39 21 . 105 69 Total Damage 14940 | . . . . . . . . 116 . 50 . . . 2851 4322 1865 . 3758 1978 Kills 84 | . . . . . . . . . . 1 . . . 13 22 13 . 28 7 Allies Corrupted 8 | . . . . . . . . . . . . . . . . . . 6 2 Allies Melted 2 | . . . . . . . . . . . . . . . . . . . 2 Intel | -11 -10 -9 -8 -7 -7 -6 -6 -6 -6 -5 -5 -5 -5 -5 -4 -4 -4 -4 -4 ------- Run | Yrd Mat Mat Mat Fac DSF Fac Low Low Dat Pro Fac Upp Upp War Pro Fac Was Fac Ext Robot Analysis Total 5 | . 2 . . . . 3 . . . . . . . . . . . . . Derelict Logs Recovered 8 | . . . . . . . . 2 . 2 . 1 . . 3 . . . . Drone Launches 17 | . . . . . . . . . . . . . . 7 6 4 . . . Drone Recoveries 16 | . . . . . . . . . . . . . . 7 6 3 . . . Decoded 0b10 Intel 35 | . . . . . . . . . . . 35 . . . . . . . . Traps 2 | . . . . . . . . . . . 2 . . . . . . . . Emergency Access 2 | . . . . . . . . . . . 2 . . . . . . . . Items 26 | . . . . . . . . . . . 26 . . . . . . . . Machines 4 | . . . . . . . . . . . 4 . . . . . . . . Exits 1 | . . . . . . . . . . . 1 . . . . . . . . Exploration | -11 -10 -9 -8 -7 -7 -6 -6 -6 -6 -5 -5 -5 -5 -5 -4 -4 -4 -4 -4 ------------- Run | Yrd Mat Mat Mat Fac DSF Fac Low Low Dat Pro Fac Upp Upp War Pro Fac Was Fac Ext Turns Passed 14964 | 68 610 688 827 367 132 2149 616 660 100 1018 1331 972 681 819 874 714 382 1036 920 Spaces Moved 9986 | 52 437 453 340 333 76 1436 455 463 84 735 749 752 537 581 528 439 201 579 756 Core 38 | 9 28 . . . . . . . . . . . . . . . . . 1 Treads 6 | . . . . . . . . . . . . . . . . . . . 6 Legs . | . . . . . . . . . . . . . . . . . . . . Wheels 9404 | 43 409 453 340 333 76 1436 455 463 84 735 749 752 537 581 528 439 201 579 211 Hover 538 | . . . . . . . . . . . . . . . . . . . 538 Flight . | . . . . . . . . . . . . . . . . . . . . Fastest Speed 45 | 50 90 90 105 101 101 101 116 105 105 105 105 110 110 95 140 129 146 99 45 Average Speed 117 | 91 98 93 115 101 101 117 123 118 105 108 121 118 119 123 162 142 146 141 75 Slowest Speed 240 | 100 150 110 150 125 101 135 135 135 105 120 180 140 125 140 170 170 146 175 240 Overloaded Moves . | . . . . . . . . . . . . . . . . . . . . Propulsion Burnouts . | . . . . . . . . . . . . . . . . . . . . Robots Hopped . | . . . . . . . . . . . . . . . . . . . . Cave-ins Triggered . | . . . . . . . . . . . . . . . . . . . . Exploration Rate (%) 50 | 4 34 39 23 11 87 39 70 48 71 85 15 76 68 81 76 18 82 16 68 Regions Visited 19 Branch Regions 9 Pre-discovered Areas 1 | . . . . . . . . . 1 . . . . . . . . . . Known Exits Taken 14 | . 1 1 1 1 . 1 1 1 1 1 1 1 1 . 1 . . 1 . Unknown Exits Taken 2 | 1 . . . . . . . . . . . . . 1 . . . . . Scrap Searched 14 | . . . . . . . 1 1 . 5 . 2 3 . 2 . . . . Spaces Dug 6 | . . 5 . . . . . . . . . . . . . . 1 . . Terrain Destroyed 499 | . . 69 43 . 4 64 23 2 . . 98 10 . 1 1 6 15 130 33 Melee . | . . . . . . . . . . . . . . . . . . . . Projectile 98 | . . . . . . 11 3 2 . . 25 10 . 1 1 . 8 26 11 AOE 401 | . . 69 43 . 4 53 20 . . . 73 . . . . 6 7 104 22 Terrain Rammed . | . . . . . . . . . . . . . . . . . . . . Walls Destroyed . | . . . . . . . . . . . . . . . . . . . . Machines Disabled . | . . . . . . . . . . . . . . . . . . . . Actions | -11 -10 -9 -8 -7 -7 -6 -6 -6 -6 -5 -5 -5 -5 -5 -4 -4 -4 -4 -4 --------- Run | Yrd Mat Mat Mat Fac DSF Fac Low Low Dat Pro Fac Upp Upp War Pro Fac Was Fac Ext Total 12138 | 69 514 586 567 362 110 1754 485 543 95 920 1044 800 560 694 538 523 252 707 1015 Wait 830 | . 1 7 22 4 . 151 12 39 12 146 188 17 1 57 1 56 28 26 62 Move 9968 | 51 436 452 339 332 75 1435 454 462 83 734 748 751 536 580 527 439 200 578 756 Hop . | . . . . . . . . . . . . . . . . . . . . Pick Up 221 | 10 7 23 40 10 7 28 2 8 . 7 20 6 5 12 1 5 3 16 11 Fast Attach 45 | . . 3 . 2 . 8 . . . 2 5 . . 7 . . . 8 10 Attach 161 | 6 8 3 36 3 . 13 4 5 . 6 15 6 3 5 . 10 3 12 23 Detach 15 | . . . 1 . . 3 . 2 . . . . 1 3 . . 1 3 1 Swap 70 | . . 16 8 5 1 14 . . . 6 3 6 3 2 . 3 . 3 . Drop 114 | . . 13 3 6 7 25 . 3 . 1 6 . 4 28 1 5 . 4 8 Fire 558 | 2 62 69 101 . 12 68 13 12 . 17 59 14 7 . 8 5 17 57 35 Melee 37 | . . . 16 . . . . 8 . 1 . . . . . . . . 12 Ram 10 | . . . 1 . . 9 . . . . . . . . . . . . . Kick . | . . . . . . . . . . . . . . . . . . . . Crush . | . . . . . . . . . . . . . . . . . . . . Escape Stasis 25 | . . . . . 8 . . . . . . . . . . . . . 17 Rewire 83 | . . . . . . . . 4 . . . . . . . . . . 79 Trap . | . . . . . . . . . . . . . . . . . . . . Miscellaneous 1 | . . . . . . . . . . . . . . . . . . . 1 Route ------- -11/Scrapyard -10/Materials -9/Materials -8/Materials (discovered 3 exits: *Fac x3) -7/Factory -7/DSF -6/Factory (discovered 2 exits: *Low x2) -6/Lower Caves -6/Lower Caves -6/Data Miner -5/Proximity Caves -5/Factory (discovered 3 exits: *Fac x2 / *Upp) -5/Upper Caves -5/Upper Caves (discovered 2 exits: *Fac / *War) -5/Warlord -4/Proximity Caves -4/Factory -4/Waste -4/Factory -4/Extension History --------- Turn | Location | Event 18 | -11/Scrapyard | Discovered new exit (range 14) 69 | -11/Scrapyard | Entered Materials 238 | -10/Materials | Discovered new exit (range 15) 318 | -10/Materials | Build established: Mutant 362 | -10/Materials | Identified exit to Materials 452 | -10/Materials | Core integrity fell below 50% 479 | -10/Materials | Lost 3 parts (1p2n) 679 | -10/Materials | Entered another Materials area 679 | -9/Materials | Evolved 2 slots: Utility x2 1154 | -9/Materials | Build established: Scavenger-Mutant 1281 | -9/Materials | Destroyed 8 combat bots 1361 | -9/Materials | Discovered new exit (range 3) 1364 | -9/Materials | Identified exit to Materials 1367 | -9/Materials | Entered another Materials area 1367 | -8/Materials | Evolved 2 slots: Utility x1, Weapon x1 1466 | -8/Materials | Garrison activated, responded to threat 1635 | -8/Materials | Destroyed 14 combat bots 1635 | -8/Materials | Core integrity fell below 50% 1708 | -8/Materials | Lost 21 parts (3p5n3u10w) 1967 | -8/Materials | Core integrity fell below 20% 2015 | -8/Materials | Lost 4 parts (2n2w) 2102 | -8/Materials | Lost 4 parts (1p1n1u1w) 2160 | -8/Materials | Identified exit to Factory 2167 | -8/Materials | First assault squad dispatched 2194 | -8/Materials | Entered Factory 2194 | -7/Factory | Evolved 2 slots: Propulsion x1, Utility x1 2529 | -7/Factory | Identified exit to DSF 2561 | -7/Factory | Entered DSF 2605 | -7/DSF | Additional patrols routed to DSF 2676 | -7/DSF | Discovered new exit (range 14) 2692 | -7/DSF | Identified exit to Factory 2693 | -7/DSF | Entered Factory 2693 | -6/Factory | Evolved 2 slots: Utility x1, Weapon x1 2926 | -6/Factory | Discovered new exit (range 14) 2937 | -6/Factory | Build established: Scavenger-Skirmisher 2970 | -6/Factory | Identified exit to Lower Caves 3234 | -6/Factory | Fabricated Imp. Transmission Jammer (x1) 3401 | -6/Factory | Found Prototype Processor 3401 | -6/Factory | Identified Exp. Targeting Computer 3411 | -6/Factory | Found Exp. Targeting Computer 3529 | -6/Factory | Repaired Adv. Assault Cannon 3703 | -6/Factory | Build established: Hacker-Gunner 4364 | -6/Factory | Lost 3 parts (1u2w) 4712 | -6/Factory | Build established: Hacker-Skirmisher 4842 | -6/Factory | Entered Lower Caves 4882 | -6/Lower Caves | Attracted the attention of an 0b10 checkpoint 5081 | -6/Lower Caves | Lost 3 parts (1p2w) 5294 | -6/Lower Caves | A Commander dispatched an escort 5309 | -6/Lower Caves | Learned Armory trap positions 5309 | -6/Lower Caves | Learned Factory stockpile data 5309 | -6/Lower Caves | Learned Research security intel 5309 | -6/Lower Caves | Learned Armory security intel 5309 | -6/Lower Caves | Learned Extension terminal intel 5309 | -6/Lower Caves | Learned Armory garrison access intel 5434 | -6/Lower Caves | Discovered new exit (range 12) 5446 | -6/Lower Caves | Identified exit to Lower Caves 5458 | -6/Lower Caves | Entered another Lower Caves area 5458 | -6/Lower Caves | Accompanied by 2 allies 5459 | -6/Lower Caves | Commander's escort returned to base 5459 | -6/Lower Caves | Commander's escort returned to base 5545 | -6/Lower Caves | Learned Factory stockpile data 5778 | -6/Lower Caves | Encountered a Warlord checkpoint 5868 | -6/Lower Caves | Identified exit to Data Miner 5936 | -6/Lower Caves | Attracted the attention of an 0b10 outpost 5978 | -6/Lower Caves | Lost 3 parts (1n2w) 6048 | -6/Lower Caves | Lost 3 parts (1n2u) 6118 | -6/Lower Caves | Entered Data Miner 6118 | -6/Data Miner | Accompanied by 1 ally 6118 | -6/Data Miner | Discovered new exit (range 6) 6124 | -6/Data Miner | Identified exit to Proximity Caves 6138 | -6/Data Miner | Met Data Miner 6168 | -6/Data Miner | Learned location of Section 7 (-2) 6168 | -6/Data Miner | Acquired the access code to Warlord's prototype stash 6178 | -6/Data Miner | Received God Mode back door access code from Data Miner 6218 | -6/Data Miner | Entered Proximity Caves 6218 | -5/Proximity Caves | Accompanied by 1 ally 6325 | -5/Proximity Caves | Learned location of 1 exit from Factory 6374 | -5/Proximity Caves | Spotter reported a threat 6376 | -5/Proximity Caves | Attracted the attention of an 0b10 checkpoint 6527 | -5/Proximity Caves | Build established: Gunner 6602 | -5/Proximity Caves | Lost 3 parts (1u2w) 6827 | -5/Proximity Caves | Build established: Mutant 6848 | -5/Proximity Caves | Received a Behemoth hack from an annoying Tinkerer 7108 | -5/Proximity Caves | Discovered new exit (range 13) 7120 | -5/Proximity Caves | Identified exit to Factory 7235 | -5/Proximity Caves | System corruption reached 10% 7236 | -5/Proximity Caves | Entered Factory 7236 | -5/Factory | Evolved 2 slots: Utility x2 7237 | -5/Factory | Identified exit to Factory 7286 | -5/Factory | Repaired Hrd. Medium Armor Plating 7384 | -5/Factory | Build established: Gunner 7810 | -5/Factory | Build established: Scavenger-Gunner 7951 | -5/Factory | Discovered exit to Factory (range 10) 7996 | -5/Factory | Lost 5 parts (1p1u3w) 8409 | -5/Factory | Lost 3 parts (2n1w) 8437 | -5/Factory | Identified exit to Upper Caves 8567 | -5/Factory | Entered Upper Caves 8568 | -5/Upper Caves | Encountered a Warlord checkpoint 8635 | -5/Upper Caves | Lost 3 parts (2n1w) 9335 | -5/Upper Caves | Learned Factory garrison access intel 9473 | -5/Upper Caves | Discovered new exit (range 7) 9479 | -5/Upper Caves | Identified exit to Upper Caves 9539 | -5/Upper Caves | Entered another Upper Caves area 9563 | -5/Upper Caves | Discovered exit to Factory (range 8) 10088 | -5/Upper Caves | Discovered new exit (range 9) 10096 | -5/Upper Caves | Identified exit to Warlord 10220 | -5/Upper Caves | Entered Warlord 10311 | -5/Warlord | System corruption cleaned by Quarantine Array 10387 | -5/Warlord | Found Prototype Device 10387 | -5/Warlord | Identified Wardrone Bay 10540 | -5/Warlord | Visited the Vortex Lab 10556 | -5/Warlord | Warlord's base attacked by MAIN.C 10557 | -5/Warlord | Found Prototype Energy Gun 10559 | -5/Warlord | Found Prototype Energy Gun 10672 | -5/Warlord | Build established: Mutant 10704 | -5/Warlord | Met Warlord 10715 | -5/Warlord | Opened Warlord's prototype stash 10723 | -5/Warlord | Found Prototype Reactor 10729 | -5/Warlord | Found Prototype Device 10729 | -5/Warlord | Identified Exp. Phase Shifter 10757 | -5/Warlord | Found Prototype Processor 10899 | -5/Warlord | Spotted Executioner 10906 | -5/Warlord | Warlord forces counterattacked 10913 | -5/Warlord | Spotted Executioner 10969 | -5/Warlord | Lost 11 allies 10971 | -5/Warlord | Spotted B-86 Titan 10975 | -5/Warlord | Spotted Executioner 10981 | -5/Warlord | Spotted Striker 10981 | -5/Warlord | Spotted Executioner 10990 | -5/Warlord | Allies destroyed Executioner 10992 | -5/Warlord | Spotted Striker 10998 | -5/Warlord | Allies destroyed Striker 10999 | -5/Warlord | Spotted B-75 Beast 11012 | -5/Warlord | Build established: Gunner 11023 | -5/Warlord | Discovered new exit (range 14) 11039 | -5/Warlord | Entered Proximity Caves 11041 | -4/Proximity Caves | Lost 9 allies 11226 | -4/Proximity Caves | Spotted B-86 Titan 11241 | -4/Proximity Caves | Allies destroyed B-86 Titan 11315 | -4/Proximity Caves | Discovered exit to Factory (range 9) 11490 | -4/Proximity Caves | Attracted the attention of an 0b10 checkpoint 11741 | -4/Proximity Caves | Learned Research trap positions 11913 | -4/Proximity Caves | Entered Factory 11913 | -4/Factory | Evolved 2 slots: Utility x2 11915 | -4/Factory | Loaded intel: 4 garrison access locations 12200 | -4/Factory | Build established: Skirmisher 12325 | -4/Factory | Identified Vortex Shotgun (x2) 12451 | -4/Factory | Identified Exp. Core Analyzer 12542 | -4/Factory | Discovered new exit (range 14) 12557 | -4/Factory | Identified exit to Research 12627 | -4/Factory | Sucked down chute 12627 | -4/Factory | Entered Waste 12638 | -4/Waste | Spotted C-40 Crusher 12642 | -4/Waste | EMP discharged 12642 | -4/Waste | System corruption reached 10% 12681 | -4/Waste | Spotted C-40 Crusher 12684 | -4/Waste | Destroyed C-40 Crusher 12691 | -4/Waste | Spotted C-40 Crusher 12701 | -4/Waste | Destroyed C-40 Crusher 12724 | -4/Waste | Spotted C-40 Crusher 12740 | -4/Waste | Destroyed C-40 Crusher 12742 | -4/Waste | EMP discharged 12804 | -4/Waste | Spotted C-40 Crusher 12805 | -4/Waste | Spotted C-40 Crusher 12809 | -4/Waste | Destroyed C-40 Crusher 12823 | -4/Waste | Destroyed C-40 Crusher 12842 | -4/Waste | EMP discharged 12846 | -4/Waste | Destroyed C-40 Crusher 12886 | -4/Waste | Met Warlord forces unprepared to attack 12914 | -4/Waste | Build established: Infiltrator-Gunner 12927 | -4/Waste | Found Damper Plating 12942 | -4/Waste | EMP discharged 12942 | -4/Waste | System corruption reached 30% 12977 | -4/Waste | Discovered new exit (range 12) 12996 | -4/Waste | Identified exit to Factory 13009 | -4/Waste | Entered Factory 13009 | -4/Factory | Accompanied by 19 allies 13017 | -4/Factory | Identified Vortex Chain Reactor 13274 | -4/Factory | Lost 5 allies 13544 | -4/Factory | Lost 10 allies 13653 | -4/Factory | P-70 Sage assimilated allied 63-BAS(d) 13692 | -4/Factory | Cargo convoy interrupted 13694 | -4/Factory | Spotted Executioner 13715 | -4/Factory | Destroyed Executioner 13789 | -4/Factory | Destroyed 21 combat bots 13794 | -4/Factory | Lost 9 parts (1p1n4u3w) 13863 | -4/Factory | Garrison activated, responded to threat 13930 | -4/Factory | Lost 5 parts (2n2u1w) 14031 | -4/Factory | Discovered new exit (range 10) 14043 | -4/Factory | Identified exit to Extension 14045 | -4/Factory | Entered Extension 14046 | -4/Extension | Loaded intel: 9 terminal locations 14065 | -4/Extension | Disrupted transfer network 14068 | -4/Extension | Build established: Scavenger-Gunner 14267 | -4/Extension | Rescued A7 14295 | -4/Extension | First assault squad dispatched 14366 | -4/Extension | Rescued a captive Derelict 14384 | -4/Extension | Rescued a captive Derelict 14437 | -4/Extension | Spotted B-86 Titan 14451 | -4/Extension | Spotted B-86 Titan 14468 | -4/Extension | P-70 Sage assimilated allied 21-Y6H(b) 14495 | -4/Extension | Lost 6 allies 14514 | -4/Extension | Destroyed B-86 Titan 14524 | -4/Extension | Core integrity fell below 50% 14570 | -4/Extension | Lost 19 parts (3p4n6u6w) 14795 | -4/Extension | Extracted ID and sensor layout for unrecognized location from A7's data core 14845 | -4/Extension | Lost 4 allies 14909 | -4/Extension | Lost 3 allies 14923 | -4/Extension | Core integrity fell below 20% 14965 | -4/Extension | Destroyed by S-27 Virus with Autogun Last Messages --------------- ALERT: Hostiles spotted, dispatching reinforcements to Terminal E003. O-24 Administrator locks terminal. Field strength at 72. Field strength at 60. Field strength at 53. Field strength at 29. Field strength at 15. Field strength at 8. Imp. Medium Armor Plating destroyed. Stasis field depleted. System corrupted: IFF burst signal emitted. System corrupted: Matter fused (-8). Cld. Antigrav System destroyed. S-27 Virus destroyed. Adv. Target Analyzer destroyed. Dropped Phasing Sabre. Acquired Unknown Ballistic Gun. Identified Autogun. Slug penetrates Wall. Map ----- +----------------------------------------------------+ | | | | | | | | | | | | | | | | | | | | | | | | | | | | | | | ?????????????????????????????????????????????????? | | ?????????????????????????????????????????????????? | | ########?????????????????????????????????????????? | | """T"""#?????????????????????????????????????????? | | """ """#################?????????????????????????? | | #?????????????????????????? | | #### #### #?????????????????????????? | | ???# #??# #?????????????????????????? | | ???# #??# #######+##;### ????????? | | ???# ######## #??# s s ????????? | | ???# #??????# #??# /@ ????????? | | ???# #??????#+#??# *%=s ????????? | | ???######?????? /Y ????????? | | ?????????????? # ?????????? | | ?????????????# lg ?# ###+#?????????? | | ?????????????# * ?########### ####?????????????? | | ?????????????# *??????????T? ???????????????? | | ?????????????# = ?????????????##??????????????? | | ?????????????########????????????????????????????? | | ?????????????????????????????????????????????????? | | ?????????????????????????????????????????????????? | | ?????????????????????????????????????????????????? | | ?????????????????????????????????????????????????? | | ?????????????????????????????????????????????????? | | ?????????????????????????????????????????????????? | | ?????????????????????????????????????????????????? | | ?????????????????????????????????????????????????? | | ?????????????????????????????????????????????????? | | ?????????????????????????????????????????????????? | | ?????????????????????????????????????????????????? | | ?????????????????????????????????????????????????? | | ?????????????????????????????????????????????????? | | ?????????????????????????????????????????????????? | | ?????????????????????????????????????????????????? | | ?????????????????????????????????????????????????? | +----------------------------------------------------+ Best States ------------- Heat Dissipation 81 Coolant Potential 80 Energy Generation 29 Energy Capacity 350 Matter Stores 300 Matter Capacity 300 Sight Range 16 Robot Scan Range 18 Terrain Scan Density 10 ECM Strength 2 Jamming Range 14 Additional Mass Support 9 Base Temperature (-) 200 Armor Coverage 1600 Resistance: KI 25 Resistance: EM 90 Core Shielding 20 Propulsion Shielding 33 Phase Shifting 20 Evasion (%) 86 Targeting Accuracy 12 Melee Accuracy 14 Target Analysis 8 Core Analysis 8 Armor Integrity Analysis 40 Recoil Reduction 4 Matter Filtering 30 Particle Charging 15 Offensive Hacking 22 Defensive Hacking 10 Item Schematics ----------------- Katana | -9/Materials | Scanalyzed Adv. Melee Analysis Suite | -6/Factory | Scanalyzed Combat Drone Bay | -6/Data Miner | Free Lgt. Regenerative Plating | -6/Data Miner | Free Cld. Gravmag System | -6/Data Miner | Free Imp. Matter Compressor | -6/Data Miner | Free Cld. Plasma Rifle | -6/Data Miner | Free Imp. Antigrav System | -6/Data Miner | Free Adv. Cryofiber Web | -6/Data Miner | Free Hvy. Gauss Cannon | -6/Data Miner | Free Imp. Thermal Shield | -6/Data Miner | Free Adv. Reaction Control System | -6/Data Miner | Free Biometal Leg | -6/Data Miner | Free Robot Schematics ------------------ Y-54 Guardian | -6/Data Miner | Free A-15 Conveyor | -6/Data Miner | Free R-10 Processor | -6/Data Miner | Free S-27 Virus | -6/Data Miner | Free G-50 Soldier | -6/Data Miner | Free Fabricated ------------ Imp. Transmission Jammer | x1 | -6/Factory | Preloaded Alien Tech Used ----------------- None Achievements -------------- Dodgeball, But With Guns Killing Spree Challenges ------------ None Game ------ Seed PoweredSmallKatana Manual? 0 Play Time 03:47:49 Cumulative 88.1 hours Start 2024.05.07 @ 20:00:36 End 2024.05.08 @ 03:37:25 Sessions 5 Manual Loads 0 Difficulty Rogue Special Mode None Game No. 93 Rogue 84 Adventurer 9 Explorer 0 Win Type - Total 0 Types 0/0/0/0/0/0/0/0/0 Lore% 47 Gallery% 58 Achievement% 44 Wizard Run 0 Options --------- Layout 1 ASCII 0 Keyboard 0 Movement Numpad Keybinds 0 Fullscreen 1 Font 24/Smallcaps Map View 50x35 Zoom Use 0% Tactical HUD 0 Map Filters NONE Filters NONE Steam 1 RUN: 644eb15d-dd1e-4303-8552-a3b2392829d6